Map: Catalyst LE

Players

meowmeowcute - Winner!

  • Race: Protoss Protoss
  • Spawn Location: 5:00

A.I. 1 (Hard)

  • Race: Terran Terran
  • Spawn Location: 11:00

VOD

Have the link to the VOD?

Description

Time

  • Played on: June 24, 2018, 4:44 p.m.
  • Length: 30:14
Show
View Real Time Build Order
Export as new Build Order

meowmeowcute Protoss - Winner!

Build Orders:  

Get SALT Encoding   

  12  0:13  Probe  
  12  0:20  Pylon  
  13  0:21  Probe  
  14  0:32  Probe  
  15  0:45  Gateway  
  15  0:46  Probe  
  16  0:57  Probe  
  16  0:58  Assimilator  
  17  1:05  Probe  
  18  1:13  Probe  
  19  1:25  Probe  
  20  1:31  Assimilator  
  20  1:42  Cybernetics Core  
  20  1:46  Probe  
  21  1:51  Pylon  
  21  1:58  Probe  
  22  2:10  Probe  
  23  2:24  Probe  
  23  2:26  Pylon  
  24  2:38  Stargate  
  24  2:40  Probe  
  25  2:44  Warp Gate  
  25  2:48  Zealot  
  27  3:02  Probe  
  28  3:07  Zealot  
  28  3:08  Pylon  
  28  3:10  Probe  
  28  3:15  Pylon  
  31  3:29  Probe  
  31  3:33  Zealot  
  32  3:35  Gateway  
  34  3:41  Probe  
  34  3:46  Void Ray  
  39  3:53  Probe  
  40  4:09  Robotics Facility  
  40  4:10  Zealot  
  40  4:14  Probe  
  40  4:15  Stargate  
  43  4:29  Zealot  
  45  4:40  Void Ray  
  45  4:44  Probe  
  50  4:58  Nexus  
  50  5:02  Pylon  
  50  5:04  Void Ray  
  50  5:06  Assimilator  
  50  5:11  Assimilator  
  54  5:29  Immortal  
  58  5:42  Probe  
  59  5:45  Pylon  
  59  5:49  Pylon  
  57  6:08  Immortal  
  53  6:40  Fleet Beacon  
  53  6:47  Void Ray  
  53  6:48  Void Ray  
  61  7:01  Pylon  
  61  7:14  Forge  
  61  7:17  Robotics Facility  
  61  7:22  Probe  
  62  7:31  Tempest  
  62  7:34  Probe  
  69  7:46  Probe  
  69  7:49  Tempest  
  70  7:58  Probe  
  70  8:05  Immortal  
  77  8:10  Probe  
  82  8:16  Probe  
  82  8:19  Probe  
  83  8:23  Immortal  
  83  8:24  Probe  
  84  8:27  Probe  
  84  8:32  Probe  
  90  8:37  Probe  
  90  8:40  Stalker  
  94  8:51  Pylon  
  94  8:58  Pylon  
  94  8:59  Pylon  
  94  9:01  Pylon  
  94  9:09  Probe x2  
  96  9:20  Stalker  
  96  9:21  Probe x2  
  96  9:22  Stalker  
  96  9:23  Mothership  
  110  9:51  Gateway  
  110  9:53  Gateway  
  110  9:54  Nexus  
  110  10:01  Assimilator  
  110  10:05  Assimilator  
  110  10:11  Pylon  
  110  10:15  Pylon  
  94  10:39  Immortal  
  94  10:42  Immortal  
  102  10:54  Stalker  
  102  10:55  Stalker x2  
  108  10:59  Tempest  
  108  11:00  Tempest  
  120  11:09  Protoss Shields Level 1  
  120  11:10  Probe  
  121  11:23  Probe  
  122  11:31  Protoss Air Armor Level 1  
  122  11:35  Probe  
  123  11:42  Immortal x2  
  123  11:46  Probe  
  131  11:51  Robotics Bay  
  132  11:54  Probe  
  133  12:02  Probe  
  133  12:06  Pylon  
  134  12:11  Pylon  
  134  12:13  Probe, Stalker  
  134  12:14  Stalker  
  139  12:16  Stalker  
  139  12:19  Stalker, Pylon  
  143  12:25  Probe  
  144  12:52  Zealot  
  144  12:53  Protoss Ground Armor Level 1, Zealot x2  
  144  12:54  Zealot  
  152  13:16  Protoss Air Weapons Level 1, Zealot  
  152  13:17  Zealot x2  
  152  13:18  Zealot  
  160  13:31  Disruptor x2  
  166  13:35  Tempest x2  
  166  13:36  Probe  
  179  13:44  Probe  
  155  14:38  Protoss Ground Weapons Level 1  
  155  14:44  Nexus  
  155  14:57  Zealot  
  157  15:04  Pylon  
  157  15:06  Pylon  
  157  15:08  Pylon  
  157  15:10  Pylon  
  157  15:27  Pylon  
  157  15:29  Pylon  
  157  15:31  Pylon  
  157  15:33  Protoss Air Armor Level 2  
  157  15:34  Pylon  
  157  15:54  Probe  
  157  16:02  Probe  
  159  16:12  Probe  
  160  16:23  Tempest x2  
  160  16:24  Probe  
  173  16:28  Stalker x2  
  173  16:29  Stalker  
  173  16:30  Stalker  
  181  16:36  Probe  
  140  17:08  Stalker  
  140  17:09  Stalker  
  140  17:10  Stalker  
  140  17:11  Stalker  
  140  17:12  Probe  
  145  17:20  Probe  
  145  17:29  Probe  
  147  17:38  Protoss Air Weapons Level 2  
  147  17:41  Probe  
  134  17:54  Probe  
  134  17:55  Mothership  
  137  18:23  Stalker x2  
  137  18:24  Stalker  
  137  18:25  Stalker  
  145  18:29  Tempest x2  
  157  18:45  Nexus  
  157  18:59  Observer  
  157  19:00  Immortal  
  158  19:11  Tempest  
  158  19:12  Tempest  
  158  19:13  Observer  
  175  19:27  Assimilator  
  175  19:31  Assimilator  
  175  19:40  Immortal  
  175  19:41  Protoss Air Armor Level 3  
  179  19:48  Twilight Council  
  179  19:55  Gravitic Boosters  
  179  19:58  Phoenix  
  181  20:01  Phoenix  
  183  20:19  Immortal  
  187  20:23  Phoenix  
  187  20:26  Phoenix  
  191  20:48  Stalker  
  191  20:49  Immortal, Stalker x2  
  197  20:50  Stalker  
  197  20:58  Immortal  
  177  21:28  Immortal  
  181  21:35  Probe  
  181  21:37  Immortal  
  186  21:43  Probe  
  186  21:52  Protoss Shields Level 2  
  186  21:53  Probe  
  187  21:57  Stalker  
  187  21:58  Stalker  
  187  21:59  Stalker  
  187  22:00  Stalker  
  196  22:05  Probe  
  197  22:12  Protoss Air Weapons Level 3  
  197  22:17  Probe  
  194  23:16  Probe  
  194  23:24  Probe  
  195  23:29  Stalker  
  195  23:30  Stalker  
  198  23:58  Protoss Ground Armor Level 2  
  178  24:08  Mothership  
  166  24:33  Immortal x2  
  174  24:59  Nexus  
  174  25:04  Immortal x2, Stalker  
  174  25:05  Stalker  
  174  25:06  Stalker  
  174  25:07  Stalker  
  190  25:38  Assimilator  
  190  25:40  Assimilator  
  190  25:41  Immortal x2  
  198  26:10  Immortal  
  198  26:11  Immortal  
  186  26:13  Protoss Ground Weapons Level 2  
  194  26:33  Probe  
  195  26:41  Probe  
  196  26:50  Immortal  
  200  27:36  Pylon  
  200  27:40  Pylon  
  200  27:42  Pylon  
  200  27:50  Mothership  
  188  28:28  Immortal  
  188  28:29  Immortal  
  188  28:32  Stalker  
  188  28:33  Stalker  
  200  29:06  Nexus  
Show
View Real Time Build Order
Export as new Build Order

A.I. 1 (Hard) Terran 

Build Orders: MMM Bio 

Get SALT Encoding   

  12  0:00  SCV  
  13  0:13  SCV  
  14  0:19  Supply Depot  
  14  0:25  SCV  
  15  0:40  SCV  
  16  0:42  Barracks  
  16  0:49  Refinery  
  16  0:52  SCV  
  17  1:05  SCV  
  18  1:17  SCV  
  19  1:20  Supply Depot  
  19  1:29  SCV  
  19  1:30  Marine  
  21  1:41  Orbital Command, Barracks  
  21  1:50  Refinery, Barracks Tech Lab  
  21  2:08  Supply Depot, Marine  
  22  2:26  Marine  
  22  2:28  Marine  
  24  2:44  Marine  
  24  2:45  Marine  
  24  2:47  Supply Depot  
  26  2:54  SCV  
  27  3:02  Marauder  
  27  3:03  Marine  
  30  3:06  SCV  
  30  3:07  Engineering Bay  
  31  3:18  SCV  
  32  3:21  Marine  
  32  3:24  Marauder  
  32  3:25  Supply Depot  
  35  3:30  SCV  
  36  3:39  Marine  
  37  3:42  SCV  
  37  3:45  Marauder  
  40  3:54  SCV  
  41  4:06  Marauder  
  43  5:14  Barracks Tech Lab  
  43  5:15  Stimpack, Terran Infantry Weapons Level 1  
  43  5:17  Factory  
  43  5:20  Factory  
  43  5:29  Missile Turret  
  43  5:32  Concussive Shells  
  43  5:33  Missile Turret  
  43  5:40  Command Center  
  43  5:44  Supply Depot  
  43  6:01  Widow Mine  
  45  6:05  Starport  
  45  6:08  Starport  
  45  6:10  Bunker, Factory Tech Lab  
  38  6:13  Marauder  
  38  6:14  Combat Shield  
  31  6:23  Factory Tech Lab  
  31  6:24  Marauder  
  32  6:34  Marine  
  33  6:42  Starport Tech Lab  
  33  6:45  Starport Tech Lab, Marine  
  34  6:53  SCV  
  35  6:54  Refinery, SCV  
  35  6:55  Marine  
  37  7:02  Missile Turret  
  37  7:04  Missile Turret  
  37  7:05  SCV  
  37  7:06  SCV, Marine  
  37  7:07  Refinery  
  40  7:09  Terran Infantry Armor Level 1  
  40  7:17  SCV, Marine  
  40  7:18  SCV  
  40  7:20  Raven  
  45  7:24  Bunker  
  45  7:28  Marine  
  45  7:29  SCV  
  47  7:31  SCV  
  48  7:39  Widow Mine  
  48  7:41  Raven, SCV  
  48  7:43  SCV  
  54  7:49  Siege Tank  
  54  7:50  Armory  
  57  7:53  SCV  
  57  7:55  SCV  
  59  8:03  Viking  
  59  8:04  Sensor Tower  
  61  8:05  SCV  
  61  8:08  SCV, Barracks  
  63  8:17  SCV  
  64  8:20  Supply Depot, SCV  
  65  8:30  SCV  
  65  8:32  SCV  
  67  8:39  Thor  
  73  8:42  SCV  
  73  8:44  SCV  
  75  8:54  SCV  
  76  8:56  SCV, Barracks Reactor  
  76  8:58  Supply Depot  
  77  9:38  Banshee, Medivac  
  77  9:42  Supply Depot  
  82  9:50  Command Center  
  82  9:53  Fusion Core  
  82  10:07  Supply Depot  
  82  10:08  Medivac  
  68  10:21  Viking  
  59  10:38  Medivac  
  61  10:51  Raven  
  61  10:53  Engineering Bay  
  63  11:03  SCV  
  64  11:04  SCV  
  64  11:06  SCV  
  64  11:08  Battlecruiser  
  72  11:15  SCV  
  72  11:17  Refinery, SCV  
  74  11:18  SCV  
  74  11:21  Missile Turret  
  74  11:22  Missile Turret  
  75  11:27  Refinery, SCV  
  75  11:29  SCV  
  75  11:31  SCV  
  78  11:32  Terran Ship Weapons Level 1  
  78  11:34  Banshee  
  78  11:39  SCV  
  82  11:41  SCV  
  82  11:42  Bunker  
  82  11:43  SCV  
  84  11:50  Hi-Sec Auto Tracking  
  84  12:12  Raven  
  86  12:17  Viking  
  86  12:19  Ghost Academy  
  88  12:25  Armory  
  88  12:47  Battlecruiser  
  88  12:48  Weapon Refit  
  94  12:55  Battlecruiser  
  100  13:12  Terran Vehicle And Ship Armor Level 1  
  100  13:16  Marine  
  101  13:20  Marine  
  101  13:21  Supply Depot  
  101  13:23  Marine  
  103  13:28  Hellion  
  103  13:31  Siege Tank  
  108  13:34  Marine  
  108  13:38  Marine  
  108  13:41  Terran Infantry Weapons Level 2, Marine  
  110  13:47  Supply Depot  
  111  13:49  Marine, Hellion  
  111  13:52  Terran Infantry Armor Level 2, Marine  
  115  13:56  Marine  
  115  13:59  Terran Vehicle Weapons Level 1  
  115  14:00  Marine  
  117  14:07  Marine  
  118  14:10  Marine  
  118  14:11  Supply Depot  
  118  14:12  Hellion  
  118  14:15  Hellion  
  106  14:26  Raven  
  106  14:31  Command Center  
  101  14:33  Siege Tank  
  101  14:35  Raven  
  101  14:36  Thor  
  110  15:01  Supply Depot  
  110  15:05  Siege Tank  
  110  15:06  Infernal Pre-Igniter  
  113  15:09  Raven  
  115  15:18  Medivac  
  115  15:19  Siege Tank  
  120  15:37  Siege Tank  
  123  15:44  Refinery  
  123  15:48  Medivac  
  125  15:51  Siege Tank  
  125  15:54  Missile Turret  
  125  15:56  Terran Vehicle Weapons Level 2, Missile Turret  
  128  15:57  Refinery  
  128  15:58  Terran Infantry Weapons Level 3  
  128  16:08  Terran Infantry Armor Level 3  
  128  16:09  Siege Tank  
  131  16:16  Bunker, Terran Vehicle And Ship Armor Level 2  
  131  16:23  Siege Tank  
  134  16:34  Viking  
  134  16:36  SCV  
  126  16:41  Viking  
  126  16:42  Hellion  
  126  16:46  Marine  
  113  16:48  SCV  
  113  16:50  Marauder  
  113  16:52  SCV  
  95  16:55  SCV  
  95  16:56  Hellion  
  95  17:00  SCV  
  91  17:03  Hellion  
  91  17:04  SCV, Viking  
  91  17:05  Marauder  
  91  17:07  SCV  
  88  17:11  Marauder, Raven  
  88  17:13  SCV  
  87  17:16  SCV, Marine  
  87  17:17  Hellion  
  87  17:20  SCV  
  90  17:25  SCV, Marine  
  90  17:26  Marauder  
  90  17:29  SCV  
  95  17:32  SCV  
  95  17:33  Marine  
  95  17:34  Viking  
  91  17:37  SCV, Marine  
  91  17:41  SCV  
  91  17:43  Marine  
  91  17:44  SCV  
  88  17:46  Hellion  
  88  17:49  SCV, Hellion  
  81  17:52  Command Center  
  81  17:53  Marauder, SCV  
  81  17:54  Medivac  
  81  17:56  SCV  
  81  17:57  Marine  
  74  18:01  SCV  
  74  18:04  Raven  
  74  18:05  SCV, Marine  
  78  18:07  Hellion  
  78  18:08  SCV  
  78  18:10  Marine  
  83  18:13  SCV  
  83  18:14  Marine  
  83  18:16  Refinery  
  83  18:17  SCV  
  86  18:20  SCV  
  86  18:23  Widow Mine  
  86  18:24  Viking  
  86  18:25  Refinery, SCV  
  92  18:28  Thor  
  92  18:29  SCV  
  92  18:32  SCV, Marine  
  101  18:36  Marine  
  101  18:37  SCV  
  101  18:40  Marine  
  104  18:41  SCV  
  104  18:44  SCV  
  104  18:45  Siege Tank  
  104  18:46  Raven  
  111  18:49  SCV  
  111  18:53  SCV  
  111  18:54  Viking  
  115  19:06  Missile Turret  
  115  19:09  Missile Turret  
  115  19:11  Siege Tank  
  118  19:17  Siege Tank  
  121  19:30  Bunker  
  121  19:43  Thor  
  127  19:49  Siege Tank  
  130  20:01  Terran Vehicle Weapons Level 3  
  130  20:08  Reaper  
  130  20:13  Banshee  
  134  20:16  Command Center  
  134  20:18  Reaper  
  135  20:24  Widow Mine  
  137  20:29  Supply Depot, Widow Mine  
  137  20:33  Banshee  
  142  20:44  Thor  
  142  20:45  Terran Vehicle And Ship Armor Level 3  
  148  20:50  Widow Mine  
  140  20:57  Marine  
  140  21:00  Raven  
  140  21:02  Marine  
  126  21:07  Marine  
  104  21:12  Marine  
  104  21:17  Marine  
  102  21:19  Raven  
  102  21:22  Marine  
  105  21:27  Marine  
  105  21:32  Marine  
  107  21:36  Refinery  
  107  21:38  Marauder, Missile Turret  
  109  21:43  Marauder, Raven, Missile Turret  
  109  21:46  Refinery  
  113  21:48  Widow Mine  
  113  21:53  Siege Tank  
  118  21:59  Marauder  
  120  22:04  Marauder, Bunker  
  122  22:09  Thor  
  128  22:21  Drilling Claws  
  127  22:24  Thor, SCV  
  127  22:25  SCV  
  127  22:27  Viking  
  127  22:28  SCV  
  130  22:30  SCV  
  130  22:33  Viking  
  130  22:36  SCV  
  129  22:37  SCV  
  129  22:38  Terran Ship Weapons Level 2  
  129  22:40  SCV  
  129  22:42  SCV  
  129  22:44  Marauder  
  126  22:48  SCV  
  126  22:49  SCV  
  117  22:52  SCV, Hellion  
  117  22:54  SCV, Command Center  
  117  22:57  Marauder, Viking  
  123  23:00  SCV  
  123  23:01  SCV  
  123  23:03  Viking  
  123  23:05  SCV  
  128  23:06  SCV  
  128  23:08  Marine, Hellion  
  128  23:12  SCV  
  128  23:14  SCV, Hellion  
  128  23:18  SCV  
  122  23:22  Refinery  
  122  23:24  SCV  
  122  23:26  Missile Turret, SCV  
  117  23:27  Raven  
  117  23:29  Hellion  
  117  23:30  SCV  
  117  23:33  Raven  
  122  23:36  SCV  
  122  23:38  SCV  
  120  23:42  SCV  
  121  23:48  SCV  
  121  23:49  Command Center  
  121  23:50  SCV  
  121  23:55  Refinery, SCV  
  118  23:58  Marine  
  118  24:01  SCV  
  102  24:02  SCV  
  102  24:03  Refinery, Marine  
  102  24:07  SCV  
  102  24:08  SCV, Reaper  
  97  24:10  Medivac  
  97  24:13  SCV, Marine  
  97  24:15  SCV  
  97  24:16  Marine  
  91  24:19  SCV  
  91  24:21  Marauder  
  91  24:22  Banshee  
  96  24:31  Marine  
  95  24:34  Marine  
  96  24:40  Marine  
  96  24:41  Viking  
  96  24:42  Marine  
  96  24:43  Command Center  
  96  24:44  Siege Tank  
  98  24:51  Marine  
  98  24:53  SCV  
  98  24:57  Command Center  
  99  25:00  Marauder  
  99  25:05  Viking  
  103  25:23  Siege Tank  
  106  25:35  Siege Tank  
  109  25:54  Command Center  
  109  25:55  Siege Tank  
  110  25:58  SCV  
  110  25:59  SCV  
  110  26:02  Viking  
  107  26:15  Marine  
  108  26:28  Siege Tank  
  111  26:41  Medivac  
  113  26:51  SCV, Medivac  
  113  26:53  SCV  
  117  26:56  SCV  
  117  26:58  SCV  
  119  27:03  SCV  
  119  27:06  SCV  
  119  27:07  SCV  
  122  27:08  SCV  
  122  27:10  SCV  
  122  27:11  Raven  
  122  27:15  SCV  
  127  27:18  SCV  
  127  27:20  SCV  
  127  27:22  Siege Tank  
  132  27:23  SCV  
  132  27:26  SCV  
  132  27:28  SCV  
  135  27:30  SCV  
  135  27:32  Siege Tank, SCV  
  135  27:34  Marine  
  135  27:36  Marauder  
  143  27:38  Marine  
  143  27:40  Marine  
  141  27:51  Viking  
  116  27:52  Marauder  
  116  27:57  Marine x2  
  80  28:00  Marine  
  72  28:05  Viking  
  65  28:12  Ghost  
  65  28:15  Marine  
  51  28:45  Command Center  
  41  29:12  SCV  
  41  29:13  SCV  
  37  29:25  SCV  
  38  29:35  SCV  
Tags
 
Composition
MMM Bio
Matchup
PvT
Spawn Locations
Cross Positions
Add a new tag
Caveats
  • Supply blocks, unpowered buildings, or Contaminate may cause inaccurate times.
  • Supply counts are checked every 10 seconds.